 Dungeon Crawl Stone Soup version 0.29-a0-520-gc852659d43 (webtiles) character file.

Game seed: 8449463048207232719

140607 Pelinal the Grappler (level 16, -11/149 HPs)
             Began as a Troll Warper on May 31, 2022.
             Was a High Priest of Okawaru.
             Killed from afar by a spriggan druid (29 damage)
             ... with a stone arrow
             ... on level 2 of the Swamp.
             The game lasted 01:19:53 (24104 turns).

Pelinal the Grappler (Troll Warper)                Turns: 24104, Time: 01:19:54

Health: -11/149    AC: 11    Str: 29    XL:     16   Next: 76%
Magic:  21/23      EV: 10    Int: 17    God:    Okawaru [*****.]
Gold:   765        SH: 22    Dex: 18    Spells: 14/21 levels left

rFire   + + .      SeeInvis +     - Unarmed
rCold   . . .      Faith    .   i - +0 tower shield
rNeg    . . .      Spirit   .   y - +0 acid dragon scales
rPois   .          Reflect  +   E - +2 hat {SInv}
rElec   .          Harm     .   L - +0 cloak "Ofobemp" {Will+ Str+3 Dex+3}
rCorr   +          Rampage  .   (gloves unavailable)
Will    ++...                   (boots unavailable)
Stlth   +.........              d - amulet "Kacen" {Reflect Str+3 Int+2 SH+5}
HPRegen 1.14/turn               Y - ring of flight
MPRegen 0.18/turn               s - ring of Munobiw {rF++ Dex+6 Slay+3}

@: on blink cooldown, flying, invisible
A: large, unfitting armour, claws 3, regeneration 1, shaggy fur 1, tough skin 1
a: Renounce Religion, Heroism, Finesse, Duel


You were on level 2 of the Swamp.
You worshipped Okawaru.
Okawaru was extremely pleased with you.
You visited 5 branches of the dungeon, and saw 27 of its levels.
You also visited: Bailey, Gauntlet and Volcano.

You collected 2806 gold pieces.
You spent 2041 gold pieces at shops.

Inventory:

Missiles
 c - 3 boomerangs of dispersal
 h - 35 atropa-tipped darts
 j - 65 poisoned darts
 w - 3 silver boomerangs
 R - 14 curare-tipped darts
 S - 54 large rocks (quivered)
 V - 27 javelins
Armour
 i - a +0 tower shield (worn)
 y - +0 acid dragon scales (worn)
 A - a scarf of resistance
 E - a +2 hat of see invisible (worn)
 L - the +0 cloak "Ofobemp" (worn) {Will+ Str+3 Dex+3}
   (Okawaru gifted it to you on level 3 of the Lair of Beasts)

   Str:       It affects your strength (+3).
   Dex:       It affects your dexterity (+3).
   Will:      It increases your willpower.
 X - a +1 troll leather armour {Snorg}
 Z - the +0 hat of Prudence {rC+}
   (You bought it in a shop on level 2 of the Orcish Mines)

   rC:        It protects you from cold.
Jewellery
 d - the amulet "Kacen" (around neck) {Reflect Str+3 Int+2 SH+5}
   (You found it in a Gauntlet)

   [amulet of reflection]

   It reflects blocked missile attacks.
   Str:       It affects your strength (+3).
   Int:       It affects your intelligence (+2).
   SH:        It affects your SH (+5).
 l - a +4 ring of slaying
 m - a +6 ring of intelligence
 s - the ring of Munobiw (right claw) {rF++ Dex+6 Slay+3}
   (You found it in a Gauntlet)

   [ring of dexterity]

   Dex:       It affects your dexterity (+6).
   Slay:      It affects your accuracy & damage with ranged weapons and melee
   (+3).
   rF:        It greatly protects you from fire.
 F - an amulet of regeneration
 Y - a ring of flight (left claw)
Wands
 k - a wand of polymorph (28)
 C - a wand of paralysis (8)
 D - a wand of iceblast (9)
 M - a wand of acid (5)
 N - a wand of digging (9)
 Q - a wand of flame (25)
 T - a wand of mindburst (31)
Scrolls
 b - 3 scrolls of blinking
 e - 4 scrolls of identify
 f - 9 scrolls of immolation
 g - 6 scrolls of teleportation
 q - 4 scrolls of fog
 u - 4 scrolls of amnesia
 v - 5 scrolls of enchant armour
 x - 5 scrolls of vulnerability
 G - 2 scrolls of poison
 J - 4 scrolls of fear
 U - 6 scrolls of magic mapping
Potions
 a - 8 potions of mutation
 n - 10 potions of brilliance
 o - 4 potions of attraction
 p - 2 potions of magic
 r - 2 potions of invisibility
 t - 2 potions of flight
 z - 5 potions of ambrosia
 B - 2 potions of lignification
 H - a potion of berserk rage
 I - 2 potions of might
 K - 8 potions of curing
 P - 3 potions of resistance
 W - a potion of cancellation
Miscellaneous
 O - a phial of floods


   Skills:
 + Level 7.2 Fighting
 + Level 12.9 Throwing
 - Level 2.3 Armour
 - Level 5.7 Dodging
 - Level 10.3 Shields
 * Level 13.8 Unarmed Combat
 - Level 3.2 Spellcasting
 - Level 2.2 Hexes
 - Level 8.3 Translocations
 - Level 5.0 Transmutations
 - Level 10.8 Invocations
 - Level 5.0 Evocations


You had 14 spell levels left.
You knew the following spells:

 Your Spells              Type           Power      Damage    Failure   Level
a - Blink                 Tloc           62%        N/A       4%          2
b - Portal Projectile     Hex/Tloc       40%        N/A       28%         3
c - Wereblood             Tmut           19%        N/A       16%         2

Your spell library contained the following spells:

 Spells                   Type           Power      Damage    Failure   Level
 Gell's Gravitas          Tloc           31%        N/A       9%          3
 Lesser Beckoning         Tloc           31%        N/A       9%          3
 Teleport Other           Tloc           31%        N/A       9%          3
 Manifold Assault         Tloc           31%        N/A       58%         5
 Foxfire                  Conj/Fire      8%         2x1d4     63%         1
 Freeze                   Ice            8%         1d3       63%         1
 Magic Dart               Conj           8%         1d3       63%         1
 Sandblast                Erth           4%         2d4       63%         1
 Sublimation of Blood     Necr           2%         N/A       77%         2
 Iskenderun's Mystic Bla  Conj/Tloc      16%        2d5       83%         4
 Inner Flame              Hex/Fire       6%         N/A       85%         3
 Conjure Flame            Conj/Fire      2%         6-21      94%         3
 Frozen Ramparts          Ice            4%         1d2       94%         3
 Mephitic Cloud           Conj/Pois/Air  2%         N/A       94%         3
 Ozocubu's Armour         Ice            2%         N/A       94%         3
 Petrify                  Tmut/Erth      11%        N/A       96%         4
 Blade Hands              Tmut           9%         N/A       96%         5
 Cause Fear               Hex            5%         N/A       97%         4
 Fulminant Prism          Conj/Hex       3%         3d6       99%         4
 Leda's Liquefaction      Hex/Erth       3%         N/A       99%         4
 Dispersal                Tloc           15%        N/A       99%         6
 Corpse Rot               Necr/Pois/Air  2%         N/A       100%        4
 Dispel Undead            Necr           2%         3d7       100%        4
 Flame Wave               Conj/Fire      2%         2d4       100%        4
 Hailstorm                Conj/Ice       2%         3d3       100%        4
 Fireball                 Conj/Fire      1%         3d3       100%        5
 Iskenderun's Battlesphe  Conj           2%         2d6       100%        5
 Lee's Rapid Deconstruct  Erth           1%         3d5*      100%        5
 Metabolic Englaciation   Hex/Ice        3%         N/A       100%        5
 Conjure Ball Lightning   Conj/Air       1%         3x3d6     100%        6
 Statue Form              Tmut/Erth      7%         N/A       100%        6
 Orb of Destruction       Conj           1%         9d5       100%        7
 Discord                  Hex            5%         N/A       100%        8
 Lehudib's Crystal Spear  Conj/Erth      1%         10d2      100%        8
 Tukima's Dance           Hex            Unusable   N/A       N/A         3
 Call Imp                 Summ           Unusable   N/A       N/A         2
 Death Channel            Necr           Unusable   N/A       N/A         6
 Simulacrum               Ice/Necr       Unusable   N/A       N/A         6
 Summon Hydra             Summ           Unusable   N/A       N/A         7

Dungeon Overview and Level Annotations

Branches:
Dungeon (15/15)            Temple (1/1) D:7            Lair (6/6) D:10
  Swamp (3/4) Lair:2       Spider (0/4) Lair:2        Slime (0/5) Lair:6
    Orc (2/2) D:10            Elf (0/3) Orc:2        Vaults (0/5) D:14
 Depths (0/4) D:15         Bailey (visited)         Volcano (visited)
Gauntlet (visited)

Altars:
Ashenzari
Cheibriados
Dithmenos
Elyvilon
Fedhas
Gozag
Hepliaklqana
Kikubaaqudgha
Makhleb
Nemelex Xobeh
Okawaru
Qazlal
Ru
Sif Muna
Trog
Uskayaw
Vehumet
Wu Jian
Xom
Yredelemnul
Zin
The Shining One
Beogh

Shops:
D:6 [   D:14 [   D:15 (   Orc:2 [*

Annotations:
D:4 1 runed translucent door, sirJeffrey23's ghost, amateur HOMo
Lair:1 2 transporters
Swamp:2 2 transporters, Efairey's ghost, adept DsGl


Innate Abilities, Weirdness & Mutations

You are too large for most types of armour.
You have claws for hands.
Your natural rate of healing is unusually fast.
You are covered in fur. (AC +1)
You have tough skin. (AC +1)


Message History

You kill the spriggan!
Okawaru accepts your kill.
You hear a splash.
The moth of wrath goads the tyrant leech on!
The tyrant leech goes berserk!
You block the tyrant leech's attack.
You eviscerate the moth of wrath!!!
The moth of wrath is severely wounded.
You block the tyrant leech's attack. You block the moth of wrath's attack.
You mangle the moth of wrath!!
You kill the moth of wrath!
Okawaru accepts your kill. You block the tyrant leech's attack.
You miss the tyrant leech. The tyrant leech bites you!!
The tyrant leech draws strength from your injuries!
You scratch the tyrant leech.
The tyrant leech is lightly wounded.
You block the tyrant leech's attack.
You closely miss the tyrant leech.
The tyrant leech is lightly wounded.
The tyrant leech bites you!!!
* * * LOW HITPOINT WARNING * * *
The tyrant leech draws strength from your injuries!
The tyrant leech bites you!
* * * LOW HITPOINT WARNING * * *
The tyrant leech draws strength from your injuries!
Casting: Blink (safe; 4% risk of failure)
Confirm with . or Enter, or press ? or * to list all spells.
You blink.
You block the spriggan druid's attack.
Unknown command.
You fade into invisibility!
You block the spriggan druid's attack.
Unknown command.
You block the spriggan druid's attack.
Unknown command.
You scratch the spriggan druid.
The spriggan druid is lightly wounded.
You block the tyrant leech's attack.
The spriggan druid gestures at you while chanting.
The stone arrow hits you!!
You die...

♣♣ ♣♣♣ ♣♣♣♣♣ ♣♣≈♣ ♣♣.♣♣
.≈≈.. .≈♣.≈≈♣♣..≈♣ ≈≈.≈≈
≈≈≈..≈.≈....♣♣ ≈...
§≈♣≈.≈≈...≈..♣ ≈♣
.>≈..≈.....≈♣♣ ≈♣♣♣
.≈.......w...♣♣ ≈≈.♣♣
....≈≈≈≈≈i@.♣.♣♣
≈♣≈≈♣♣.:≈≈≈≈≈≈≈≈≈...≈♣
♣≈≈≈..≈≈≈≈≈≈≈≈≈≈≈..≈..♣
.≈≈≈.≈≈≈≈≈≈≈≈≈≈≈≈≈.♣≈...
§≈.§.≈≈≈≈≈≈_≈≈≈≈≈≈.♣..≈.
≈≈≈≈.≈≈≈≈≈≈≈≈≈≈≈≈≈.♣≈.♣.
≈.≈≈..≈≈≈≈≈≈≈≈≈≈≈.....§♣
≈.≈§...≈≈≈≈≈≈≈≈≈....≈...
≈..≈.....≈≈≈≈≈......≈.≈.


You could see a tyrant leech (berserk, can't see you) and a spriggan druid.

Vanquished Creatures
  Saint Roka (Orc:2)
  Jorgrun (D:15)
  Rupert (D:15)
  Agnes (D:15)
  A storm dragon (D:15)
  A thorn hunter (Swamp:2)
  Kirke (Lair:4)
  Roxanne (D:15)
  Aizul (Swamp:2)
  A ghoul (Swamp:2)
  A very ugly thing (D:15)
  A caustic shrike skeleton (D:15)
  An eleionoma (Swamp:2)
  Azrael (D:14)
  Nessos (Orc:2)
  A minotaur (Gauntlet)
  2 bunyips
  2 fire dragons (Lair:6)
  Snorg (D:12)
  Josephine (D:15)
  A great orb of eyes (D:15)
  2 vault guards (Bailey)
  4 centaur warriors
  4 boulder beetles
  16 hydras
  A catoblepas (Gauntlet)
  A death knight (D:14)
  An ogre mage (D:15)
  8 two-headed ogres
  2 dancing weapons (D:14)
  A titan zombie (D:15)
  4 orc high priests (Orc:2)
  7 spriggans
  Sonja (D:11)
  A sixfirhy (Gauntlet)
  A fire crab (Lair:5)
  15 skeletal warriors
  9 bog bodies
  A goliath frog (Swamp:1)
  A swamp dragon (Lair:6)
  An orange crystal statue (D:13)
  A lindwurm (Lair:6)
  A necromancer (D:15)
  A phantasmal warrior (D:15)
  3 deep elf pyromancers
  A golden dragon skeleton (D:15)
  An oklob plant (Lair:6)
  A wizard (D:14)
  2 orc knights
  3 ugly things (D:15)
  4 orc sorcerers
  9 elephants
  A moth of wrath (Swamp:2)
  10 cyclopes
  3 will-o-the-wisps
  5 manticores
  A moth of wrath (shapeshifter) (D:15)
  Maurice (Orc:2)
  A torpor snail (Lair:6)
  An ice statue (D:13)
  5 black mambas
  7 cane toads
  Psyche (D:12)
  3 gargoyles
  13 rime drakes
  A freezing wraith (D:14)
  2 kobold demonologists
  An efreet (D:14)
  5 yaktaurs (D:15)
  7 komodo dragons
  10 polar bears
  6 hornets
  8 trolls
  7 tyrant leeches
  19 blink frogs
  A raiju (shapeshifter) (D:15)
  3 dream sheep (D:8)
  A wolf spider simulacrum (Gauntlet)
  Prince Ribbit (Bailey)
  3 slime creatures (D:14)
  3 raiju (Lair:6)
  A spriggan zombie (D:15)
  A centaur simulacrum (Gauntlet)
  Sigmund (D:5)
  3 vampires
  A shadow (D:12)
  45 yaks
  A yak (shapeshifter) (D:14)
  9 wraiths
  2 wyverns (Lair:3)
  5 hogs (Lair:4)
  3 basilisks
  4 fire elementals (D:14)
  A human (shapeshifter) (D:15)
  9 steam dragons
  6 humans
  5 vampire mosquitoes
  12 swamp worms
  10 wargs
  5 acid dragons
  15 hell hounds
  A floating eye (shapeshifter) (D:14)
  25 water moccasins
  4 swamp drakes
  27 orc warriors
  An ice beast (D:8)
  11 black bears (Lair:6)
  An ice dragon simulacrum (Gauntlet)
  13 wolves (Lair:6)
  15 ogres
  2 centaurs
  9 kobold brigands
  A gnoll sergeant (D:10)
  22 bullfrogs
  3 scorpions
  7 necrophages
  7 wights
  8 killer bees (D:9)
  3 howler monkeys
  An electric eel (D:7)
  4 jellies
  32 orc priests
  3 hounds (D:5)
  A gnoll shaman (D:8)
  6 iguanas
  31 orc wizards
  A boggart simulacrum (Gauntlet)
  10 gnolls
  4 adders
  4 ufetubi
  A worm (D:5)
  3 dart slugs (D:2)
  75 orcs
  6 bats
  12 endoplasms
  6 giant cockroaches
  9 goblins
  10 hobgoblins
  2 jackals (D:1)
  3 quokkas
  5 ball pythons
  3 frilled lizards (D:2)
  22 kobolds
  5 rats
  A bush (Lair:4)
820 creatures vanquished.

Vanquished Creatures (others)
  A deep elf pyromancer (D:15)
  A bloated husk (Swamp:2)
  An orc (Orc:1)
  A demonic plant (Gauntlet)
  4 foxfires (Swamp:2)
  31 fungi
  57 plants
  3 withered plants
99 creatures vanquished.

Grand Total: 919 creatures vanquished

Notes
Turn   | Place    | Note
-------+----------+-------------------------------------------
     0 | D:1      | Pelinal the Troll Warper began the quest for the Orb.
     0 | D:1      | Reached XP level 1. HP: 19/19 MP: 1/1
   183 | D:1      | Reached XP level 2. HP: 27/27 MP: 2/2
   227 | D:1      | Reached skill level 3 in Unarmed Combat
   267 | D:1      | Found a faded altar of an unknown god.
   838 | D:2      | Reached XP level 3. HP: 33/33 MP: 3/3
   841 | D:2      | Learned a level 2 spell: Blink
  1313 | D:2      | Reached skill level 4 in Unarmed Combat
  1657 | D:3      | Reached XP level 4. HP: 41/41 MP: 4/4
  1806 | D:3      | Reached skill level 5 in Unarmed Combat
  2441 | D:4      | Noticed an ogre
  2465 | D:4      | Killed an ogre
  2466 | D:4      | Reached XP level 5. HP: 18/48 MP: 5/5
  2661 | D:4      | Found a runed translucent door.
  2663 | D:4      | Noticed sirJeffrey23's ghost (amateur HOMo)
  2776 | D:5      | Entered Level 5 of the Dungeon
  2776 | D:5      | Noticed a water moccasin
  2783 | D:5      | Killed a water moccasin
  2784 | D:5      | Reached XP level 6. HP: 38/55 MP: 3/6
  2937 | D:5      | Noticed Sigmund
  2987 | D:5      | Reached XP level 7. HP: 39/62 MP: 7/7
  3217 | D:5      | Reached skill level 5 in Translocations
  3233 | D:5      | Reached skill level 1 in Throwing
  3264 | D:5      | Killed Sigmund
  3493 | D:5      | Reached XP level 8. HP: 58/70 MP: 8/8
  3729 | D:6      | Reached skill level 5 in Throwing
  3880 | D:6      | Found Orakajuq's Armour Boutique.
  3887 | D:6      | Bought a scarf of resistance for 352 gold pieces
  4300 | D:7      | Reached skill level 6 in Unarmed Combat
  4377 | D:7      | Found a staircase to the Ecumenical Temple.
  4386 | Temple   | Entered the Ecumenical Temple
  4428 | Temple   | Became a worshipper of Warmaster Okawaru
  4803 | D:7      | Found a white marble altar of Elyvilon.
  4841 | D:7      | Reached skill level 7 in Unarmed Combat
  4841 | D:7      | Reached XP level 9. HP: 72/80 MP: 9/9
  5293 | D:8      | Reached * piety under Okawaru
  5779 | D:8      | Reached skill level 8 in Unarmed Combat
  6035 | D:9      | Reached ** piety under Okawaru
  6144 | D:9      | Noticed a troll
  6178 | D:9      | Reached XP level 10. HP: 59/92 MP: 12/12
  6331 | D:9      | Reached skill level 9 in Unarmed Combat
  6388 | D:9      | Found a flagged portal.
  6413 | Bailey   | Entered a bailey
  6516 | Bailey   | Reached *** piety under Okawaru
  6557 | Bailey   | Noticed Prince Ribbit
  6557 | Bailey   | Noticed a vault guard
  6582 | Bailey   | Killed a vault guard
  6583 | Bailey   | Reached skill level 5 in Fighting
  6583 | Bailey   | Reached skill level 5 in Dodging
  6583 | Bailey   | Reached skill level 10 in Unarmed Combat
  6588 | Bailey   | Killed Prince Ribbit
  6744 | Bailey   | Noticed a vault guard
  6772 | Bailey   | Killed a vault guard
  6773 | Bailey   | Reached skill level 11 in Unarmed Combat
  7145 | D:10     | Entered Level 10 of the Dungeon
  7150 | D:9      | Reached **** piety under Okawaru
  7241 | D:10     | Reached XP level 11. HP: 100/102 MP: 13/13
  7595 | D:10     | Noticed a two-headed ogre
  7620 | D:10     | Killed a two-headed ogre
  7662 | D:10     | Found a staircase to the Orcish Mines.
  7881 | D:10     | Found a staircase to the Lair.
  7953 | Lair:1   | Entered Level 1 of the Lair of Beasts
  7978 | Lair:1   | Found a gate leading to a gauntlet.
  7992 | Lair:1   | Received a gift from Okawaru
  8024 | Gauntlet | Entered a Gauntlet
  8024 | Gauntlet | Found a transporter.
  8024 | Gauntlet | Found a transporter.
  8026 | Gauntlet | Found a transporter.
  8026 | Gauntlet | Found a transporter.
  8026 | Gauntlet | Noticed a sixfirhy
  8030 | Gauntlet | Found a transporter.
  8030 | Gauntlet | Found a transporter.
  8059 | Gauntlet | Found a transporter.
  8063 | Gauntlet | Found a transporter.
  8065 | Gauntlet | Noticed a reaper
  8071 | Gauntlet | Found the necklace of Bloodlust {*Rage Will++ Int-3 Slay+6}
  8074 | Gauntlet | Found a transporter.
  8088 | Gauntlet | Found a transporter.
  8105 | Gauntlet | Found a transporter.
  8106 | Gauntlet | Found a transporter.
  8108 | Gauntlet | Found a runed translucent gate.
  8108 | Gauntlet | Found a runed translucent gate.
  8108 | Gauntlet | Found a runed translucent gate.
  8109 | Gauntlet | Noticed a catoblepas
  8157 | Gauntlet | Killed a sixfirhy
  8226 | Gauntlet | Killed a catoblepas
  8232 | Gauntlet | Reached skill level 10 in Throwing
  8260 | Gauntlet | Identified the amulet "Kacen" {Reflect Str+3 Int+2 SH+5}
  8326 | Gauntlet | Received a gift from Okawaru
  8332 | Gauntlet | Identified the ring of Munobiw {rF++ Dex+6 Slay+3}
  8417 | Gauntlet | Identified the +6 spear "Urowk" {holy, *Noise rN++ Int+3}
  8417 | Gauntlet | Noticed a minotaur
  8427 | Gauntlet | Killed a minotaur
  8670 | Lair:1   | Found a transporter.
  8702 | Lair:1   | Reached skill level 1 in Evocations
  8746 | Lair:1   | Found a transporter.
  8754 | Lair:1   | Noticed a swamp dragon
  8754 | Lair:1   | Noticed a swamp dragon
  8784 | Lair:1   | Reached ***** piety under Okawaru
  8819 | Lair:1   | Received a gift from Okawaru
  9154 | Lair:2   | Noticed a seven-headed hydra
  9162 | Lair:2   | Killed a seven-headed hydra
  9162 | Lair:2   | Received a gift from Okawaru
  9163 | Lair:2   | Reached XP level 12. HP: 111/111 MP: 11/14
  9462 | Lair:2   | Found a staircase to the Swamp.
  9559 | Lair:2   | Found a hole to the Spider Nest.
  9697 | Lair:3   | Received a gift from Okawaru
  9809 | Lair:3   | Reached skill level 5 in Evocations
  9814 | Lair:3   | Identified the +0 cloak "Ofobemp" {Will+ Str+3 Dex+3}
                  | (Okawaru gifted it to you on level 3 of the Lair of Beasts)
  9814 | Lair:3   | Received a gift from Okawaru
  9814 | Lair:3   | Noticed a boulder beetle
  9828 | Lair:3   | Reached skill level 1 in Armour
  9848 | Lair:3   | Killed a boulder beetle
 10557 | Lair:4   | Found an iron altar of Okawaru.
 10992 | Lair:4   | Noticed Kirke
 11015 | Lair:4   | Killed Kirke
 11238 | Lair:5   | Found a dark tunnel.
 11245 | Volcano  | Entered a volcano
 11263 | Volcano  | Noticed an ogre mage
 11263 | Volcano  | Noticed a two-headed ogre
 11302 | Lair:5   | Killed a two-headed ogre
 11398 | Lair:5   | Reached skill level 5 in Invocations
 11462 | Lair:5   | Noticed a five-headed hydra
 11467 | Lair:5   | Killed a five-headed hydra
 11467 | Lair:5   | Noticed a four-headed hydra
 11468 | Lair:5   | Reached XP level 13. HP: 120/120 MP: 14/16
 11933 | Lair:5   | Received a gift from Okawaru
 12283 | Lair:6   | Entered Level 6 of the Lair of Beasts
 12449 | Lair:6   | Noticed a fire dragon
 12880 | Lair:6   | Killed a fire dragon
 12910 | Lair:6   | Reached skill level 10 in Invocations
 13196 | Lair:6   | Received a gift from Okawaru
 13543 | Lair:6   | Noticed a fire dragon
 13555 | Lair:6   | Killed a fire dragon
 13561 | Lair:6   | Received a gift from Okawaru
 13562 | Lair:6   | Reached skill level 12 in Unarmed Combat
 13860 | Lair:6   | Reached XP level 14. HP: 125/128 MP: 21/21
 14474 | Lair:6   | Found a staircase to the Slime Pits.
 15293 | Orc:1    | Entered Level 1 of the Orcish Mines
 15306 | Orc:1    | Received a gift from Okawaru
 15732 | Orc:2    | Entered Level 2 of the Orcish Mines
 15751 | Orc:2    | Reached skill level 1 in Shields
 15925 | Orc:2    | Noticed Maurice
 15938 | Orc:2    | Killed Maurice
 15955 | Orc:2    | Received a gift from Okawaru
 15961 | Orc:2    | Noticed Nessos
 15967 | Orc:2    | Killed Nessos
 16204 | Orc:2    | Found a staircase to the Elven Halls.
 16270 | Orc:2    | Received a gift from Okawaru
 16294 | Orc:2    | Received a gift from Okawaru
 16295 | Orc:2    | Reached skill level 5 in Shields
 16356 | Orc:2    | Found Elyahoag's Antique Armour Boutique.
 16356 | Orc:2    | Found Jat Qogg's Distillery.
 16357 | Orc:2    | Found Hotemami's Distillery.
 16362 | Orc:2    | Found Gaede's General Store.
 16375 | Orc:2    | Bought a ring of flight for 210 gold pieces
 16375 | Orc:2    | Bought a scroll of identify for 24 gold pieces
 16377 | Orc:2    | Bought a distressingly furry hat for 243 gold pieces
 16377 | Orc:2    | Identified the +0 hat of Prudence {rC+} (You bought it in a
                  | shop on level 2 of the Orcish Mines)
 16383 | Orc:2    | Bought a potion of resistance for 120 gold pieces
 16383 | Orc:2    | Bought a potion of attraction for 36 gold pieces
 16383 | Orc:2    | Bought a potion of attraction for 36 gold pieces
 16383 | Orc:2    | Bought a potion of heal wounds for 60 gold pieces
 16383 | Orc:2    | Bought a potion of degeneration for 12 gold pieces
 16383 | Orc:2    | Bought a potion of curing for 36 gold pieces
 16383 | Orc:2    | Bought a potion of mutation for 96 gold pieces
 16383 | Orc:2    | Bought a potion of mutation for 96 gold pieces
 16383 | Orc:2    | Bought a potion of mutation for 96 gold pieces
 16383 | Orc:2    | Bought a potion of ambrosia for 96 gold pieces
 16385 | Orc:2    | Bought a potion of haste for 110 gold pieces
 16385 | Orc:2    | Bought a potion of berserk rage for 55 gold pieces
 16385 | Orc:2    | Bought a potion of magic for 88 gold pieces
 16385 | Orc:2    | Bought a potion of curing for 33 gold pieces
 16385 | Orc:2    | Bought a potion of lignification for 33 gold pieces
 16385 | Orc:2    | Bought a potion of lignification for 33 gold pieces
 16385 | Orc:2    | Bought a potion of invisibility for 88 gold pieces
 16385 | Orc:2    | Bought a potion of brilliance for 44 gold pieces
 16385 | Orc:2    | Bought a potion of brilliance for 44 gold pieces
 16481 | Orc:2    | Noticed Saint Roka
 16494 | Orc:2    | Killed Saint Roka
 16910 | D:11     | Noticed Sonja
 16912 | D:11     | Killed Sonja
 17074 | D:11     | Learned a level 2 spell: Wereblood
 17578 | D:12     | Received a gift from Okawaru
 17591 | D:12     | Identified the +8 war axe of Guthrone {vorpal, rF++}
 17703 | D:12     | Reached XP level 15. HP: 137/137 MP: 22/22
 17808 | D:12     | Noticed Psyche
 17813 | D:12     | Killed Psyche
 17876 | D:12     | Found a hazy altar of Hepliaklqana.
 18068 | D:12     | Noticed Snorg
 18077 | D:12     | Killed Snorg
 18137 | D:12     | Received a gift from Okawaru
 18608 | D:13     | Reached ****** piety under Okawaru
 18608 | D:13     | Received a gift from Okawaru
 18801 | D:13     | Reached skill level 10 in Shields
 19245 | D:13     | Reached skill level 1 in Transmutations
 19309 | D:14     | Noticed Azrael
 19322 | D:14     | Killed Azrael
 19324 | D:14     | Identified the +0 shortbow of Geud {speed, rN+ Int+3}
                  | (Okawaru gifted it to you on level 14 of the Dungeon)
 19324 | D:14     | Received a gift from Okawaru
 19447 | D:14     | Found a gate to the Vaults.
 19547 | D:14     | Learned a level 3 spell: Portal Projectile
 19646 | D:14     | Found Nerieg Ypemu's Armour Shoppe.
 20127 | D:14     | Found a stormy altar of Qazlal.
 20318 | D:15     | Entered Level 15 of the Dungeon
 20401 | D:15     | Noticed Agnes
 20411 | D:15     | Killed Agnes
 20526 | D:15     | Noticed Josephine
 20534 | D:15     | Killed Josephine
 20632 | D:15     | Noticed Jorgrun
 20648 | D:15     | Killed Jorgrun
 20648 | D:15     | Identified the +8 longbow "Poutec" {flame, +Blink rPois
                  | MP+9 Dex-5} (Okawaru gifted it to you on level 15 of the
                  | Dungeon)
 20648 | D:15     | Received a gift from Okawaru
 20659 | D:15     | Found a staircase to the Depths.
 20790 | D:15     | Noticed Rupert
 20839 | D:15     | Killed Rupert
 20859 | D:15     | Reached XP level 16. HP: 73/146 MP: 18/23
 20984 | D:15     | Identified Roxanne's Reference Book on the Mountains
 20984 | D:15     | Noticed Roxanne
 21002 | Arena    | Entered the Arena
 21048 | D:15     | Received a gift from Okawaru
 21049 | D:15     | Reached skill level 5 in Transmutations
 21142 | D:15     | Killed Roxanne
 21189 | D:15     | Found Pocyll's Weapon Emporium.
 21420 | D:15     | Received a gift from Okawaru
 21519 | D:15     | Noticed a storm dragon
 21551 | D:15     | Killed a storm dragon
 21581 | D:15     | Identified the +13 crystal plate armour of Qeimasku
                  | {Rampage rF+++ Stlth-}
 21941 | Swamp:1  | Entered Level 1 of the Swamp
 22057 | Swamp:1  | Received a gift from Okawaru
 22058 | Swamp:1  | Reached skill level 1 in Hexes
 22669 | Swamp:2  | Reached skill level 13 in Unarmed Combat
 22798 | Arena    | Entered the Arena
 22815 | Swamp:2  | HP: 6/146 [eleionoma/spray of wooden splinters (41)]
 22820 | Swamp:2  | Received a gift from Okawaru
 22948 | Swamp:2  | Noticed Aizul
 22965 | Swamp:2  | Killed Aizul
 23409 | Swamp:2  | Noticed Efairey's ghost (adept DsGl)
 23472 | Swamp:2  | You are sucked into a shaft and drop 1 floor!
 23716 | Swamp:2  | Received a gift from Okawaru
 23743 | Swamp:2  | Identified the +3 leather armour of Pathos {+Blink Regen+}
 23775 | Swamp:2  | Found a transporter.
 23799 | Swamp:2  | Found a transporter.
 23805 | Swamp:2  | Found a bloodstained altar of Trog.
 23846 | Swamp:2  | Noticed a thorn hunter
 23853 | Swamp:2  | Killed a thorn hunter
 24076 | Swamp:2  | Received a gift from Okawaru
 24081 | Swamp:2  | Found a hazy altar of Hepliaklqana.
 24104 | Swamp:2  | Killed from afar by a spriggan druid

Illustrated notes

Levels and vault maps discovered:
D:1:      shiori_arrival_oz, layout_basic, hellmonk_ecumenical_altar_blasted,
          minmay_misc_feat_nine_boxes
D:2:      layout_basic
D:3:      layout_loops_cross, minmay_fractal_squares_diagonal_5
D:4:      layout_rooms, gammafunk_ghost_grave
D:5:      layout_rooms, kennysheep_potato, uniq_sigmund
D:6:      layout_loops_ring, serial_shops, shop
D:7:      layout_cave_pools, nicolae_elyvilon_temple_path,
          minmay_temple_entry_sparse_star
D:8:      layout_gridville, dreamdust_gnoll_shepherd
D:9:      layout_basic, enter_bailey_1
D:10:     layout_grid_maze, due_lair_maze_entry_diamond,
          kennysheep_orc_monster_closet_entryway, st_stairs_9
D:11:     layout_roguey, uniq_sonja
D:12:     layout_gridville, nicolae_hepliaklqana_hazy_memory, uniq_psyche,
          uniq_snorg
D:13:     layout_long_grid, minmay_more_statues
D:14:     layout_loops_cross, erik_vaults_1, serial_shops, kennysheep_mini,
          nicolae_qazlal_eye_of_the_storm, uniq_azrael
D:15:     gammafunk_depths_entry_grave, layout_long_grid, serial_shops,
          nicolae_shop_bloodbath_and_beyond, chequers_serial_rivers_micro_a,
          minmay_evil_grid, uniq_jorgrun, uniq_josephine, uniq_roxanne,
          uniq_agnes, uniq_rupert
Temple:   nicolae_temple_the_god_donut
Lair:1:   gammafunk_cloud_chamber, layout_misc_corridors, gauntlet_entry_generic
Lair:2:   layout_hall_layers, swamp_mist, spider_nest_entry_web_field
Lair:3:   layout_misc_corridors
Lair:4:   layout_cave_pods, basic_altar, infiniplex_staircase_pool_2,
          serial_bayou_shore_a, lemuel_fruit_tree, uniq_kirke
Lair:5:   layout_regular_city, nicolae_volcano_entry_hallway
Lair:6:   hangedman_lair_caniforms_friends, layout_cave_shapes,
          guppyfry_lair_end_dragon, nicolae_slime_entry_slimehenge,
          bobbens_dragon_lair_wall
Swamp:1:  layout_falls_marsh, nicolae_swamp_long_stream
Swamp:2:  layout_falls_marsh, gammafunk_ghost_wrathful_warriors,
          lemuel_altar_in_water, swamp_pool2, hangedman_swamp_ravenous,
          uniq_aizul
Swamp:3:  layout_basic_swamp, nicolae_swamp_rocky_clearing
Orc:1:    layout_caves, lightli_orcish_oven
Orc:2:    st_orc_mages, layout_caves, basic_altar, uniq_nessos, uniq_maurice,
          uniq_saint_roka

Skill      XL: |  1  2  3  4  5  6  7  8  9 10 11 12 13 14 15 16 |
---------------+-------------------------------------------------+-----
Unarmed Combat | 3 4 5 7 8 11 12 13 | 13.8
Translocations | 3 4 5 6 8 |  8.3
Throwing       | 4 6 10 11 12 | 12.9
Dodging        | 2 4 5 |  5.7
Fighting       | 2 3 5 6 7 |  7.2
Invocations    | 4 5 10 | 10.8
Evocations     | 3 5 |  5.0
Armour         | 2 |  2.3
Shields        | 8 10 | 10.3
Transmutations | 4 5 |  5.0
Spellcasting   | 2 3 |  3.2
Hexes          | 2 |  2.2

Action                   |  1- 3 |  4- 6 |  7- 9 | 10-12 | 13-15 | 16-18 || total
-------------------------+-------+-------+-------+-------+-------+-------++-------
Melee: Unarmed           |   114 |    99 |   296 |   500 |  1036 |   299 ||  2344
       Punch             |     5 |     4 |     9 |    38 |    52 |       ||   108
Throw: Boomerang         |       |     1 |    47 |     3 |       |       ||    51
       Dart              |       |     1 |    15 |    43 |     5 |       ||    64
       Throwing net      |       |       |     1 |       |       |       ||     1
       Javelin           |       |       |       |    22 |    88 |     7 ||   117
       Large rock        |       |       |       |       |   117 |    69 ||   186
 Cast: Blink             |       |     4 |     2 |     3 |     6 |     5 ||    20
       Wereblood         |       |       |       |       |     2 |     1 ||     3
Invok: Heroism           |       |       |     4 |    21 |    29 |    12 ||    66
       Finesse           |       |       |       |     1 |     6 |     5 ||    12
       Duel              |       |       |       |       |       |     2 ||     2
Evoke: Wand              |       |       |       |     6 |     4 |     2 ||    12
       Phial of floods   |       |       |       |     1 |     1 |       ||     2
  Use: Scroll            |     1 |     6 |     5 |     6 |    15 |     1 ||    34
       Potion            |       |     1 |     4 |     7 |     6 |     7 ||    25
 Stab: Sleeping          |     1 |       |       |       |       |       ||     1
       Confused          |       |       |       |       |     2 |       ||     2
       Invisible         |       |       |       |       |       |     2 ||     2
Armor: Robe              |    33 |    37 |     9 |       |       |       ||    79
       Acid dragon scale |       |       |    78 |   115 |   175 |    32 ||   400
       Skin              |       |       |       |    20 |       |       ||    20
       Troll leather arm |       |       |       |       |    43 |       ||    43
Dodge: Dodged            |    45 |    40 |   137 |   236 |   407 |    63 ||   928
Block: Tower shield      |       |     1 |       |       |   593 |   265 ||   859
       Other             |       |       |       |    29 |    92 |       ||   121
       Reflection        |       |       |       |       |    26 |    11 ||    37

Table legend: (Time is in decaauts)
 A = Elapsed time spent in this place.
 B = Non-inter-level travel time spent in this place.
 C = Inter-level travel time spent in this place.
 D = Time resting spent in this place.
 E = Time spent auto-exploring this place.
 F = Levels seen in this place.
 G = Mean time per level.
                   A        B        C        D        E       F      G
               +--------+--------+--------+--------+--------+-----+--------+
         Total |  23739 |  22302 |   1437 |   2268 |  12808 |  32 |  741.8 |
       Dungeon |  12874 |  12235 |    639 |    559 |   7988 |  15 |  858.3 |
        Temple |     55 |     42 |     13 |      0 |     25 |   1 |   55.0 |
          Lair |   6375 |   5657 |    718 |    629 |   3399 |   6 | 1062.5 |
         Swamp |   2145 |   2128 |     17 |    766 |    702 |   3 |  715.0 |
  Orcish Mines |   1429 |   1379 |     50 |    167 |    652 |   2 |  714.5 |
        Bailey |    391 |    391 |      0 |    100 |     25 |   1 |  391.0 |
       Volcano |     34 |     34 |      0 |      0 |     17 |   1 |   34.0 |
      Gauntlet |    391 |    391 |      0 |     43 |      0 |   1 |  391.0 |
         Arena |     41 |     41 |      0 |      2 |      0 |   2 |   20.5 |
               +--------+--------+--------+--------+--------+-----+--------+

Top non-repeatable levels by time:
  Lair:6: 1793 daAuts
  Lair:5: 1494 daAuts
    D:15: 1242 daAuts
    D:10: 1170 daAuts
    D:14: 1156 daAuts
  Lair:4: 1041 daAuts
 Swamp:1: 1041 daAuts
     D:8: 977 daAuts
 Swamp:2: 971 daAuts
    D:12: 969 daAuts
   Orc:2: 945 daAuts
     D:9: 880 daAuts
  Lair:1: 813 daAuts
    D:13: 811 daAuts
     D:1: 781 daAuts
